 Dungeon Crawl Stone Soup version 0.29-a0-870-g2c972031a6 (webtiles) character file.

Game seed: 1158790339617088943

474 Spectrina the Covert (level 6, 0/36 HPs)
             Began as a Vampire Delver on July 18, 2022.
             Was an Initiate of Sif Muna.
             Slain by a quokka (4 damage)
             ... on level 4 of the Dungeon.
             The game lasted 00:09:42 (1059 turns).

Spectrina the Covert (Vampire Delver)               Turns: 1059, Time: 00:09:42

Health: 0/36       AC:  4    Str: 11    XL:     6   Next: 84%
Magic:  6/6        EV: 12    Int: 15    God:    Sif Muna [......]
Gold:   126        SH:  0    Dex: 15    Spells: 5/5 levels left

rFire   . . .      SeeInvis +   b - +0 quarterstaff
rCold   + + .      Faith    .   (shield currently unavailable)
rNeg    + + +      Spirit   .   m - +0 leather armour
rPois   ∞          Reflect  .   (no helmet)
rElec   .          Harm     .   (no cloak)
rCorr   .          Rampage  .   o - +0 pair of gloves
Will    .....                   (no boots)
Stlth   ++++++....              (no amulet)
HPRegen 0.00/turn               (no ring)
MPRegen 0.10/turn               (no ring)

@: bloodless, inhibited regen
A: bloodless, fangs 3, see invisible, vampiric 2
a: Bat Form, Revivify, Renounce Religion


You were on level 4 of the Dungeon.
You worshipped Sif Muna.
Sif Muna was noncommittal.
You visited 1 branch of the dungeon, and saw 6 of its levels.

You collected 126 gold pieces.

Inventory:

Hand Weapons
 a - a +0 dagger
 b - a +0 quarterstaff (weapon)
 h - a +0 falchion
 r - a +0 short sword
 s - a +0 sling
Missiles
 j - 3 poisoned darts (quivered)
 l - 5 javelins
Armour
 m - a +0 leather armour (worn)
 o - a +0 pair of gloves (worn)
 p - a +0 ring mail
Wands
 g - a wand of digging (3)
Scrolls
 c - 3 scrolls of fog
 d - a scroll of magic mapping
 f - a scroll of silence {unknown}
 i - a scroll of summoning {unknown}
 k - 2 scrolls of poison {unknown}
 n - 4 scrolls of identify {unknown}
Potions
 e - a potion of magic {unknown}
 q - a potion of mutation {unknown}


   Skills:
 - Level 2.6 Fighting
 - Level 6.0 Short Blades
 - Level 2.1 Dodging
 + Level 10.7 Stealth


You had 5 spell levels left.
You didn't know any spells.
Your spell library was empty.

Dungeon Overview and Level Annotations

Branches:
Dungeon (6/15)             Temple (0/1) D:5

Altars:
Sif Muna

Annotations:
D:4 Eustachio, Menkaure


Innate Abilities, Weirdness & Mutations

You do not regenerate when monsters are visible.
You are frail without blood (-20% HP).
You can heal yourself when you bite living creatures.
You are immune to poison.
You have razor-sharp teeth.
You have supernaturally acute eyesight. (SInv)
You are afflicted with vampirism and can become a bat while bloodless.


Message History

a - a +0 dagger (weapon)
The orc shouts! x2
The orc attacks as you move away! The orc misses you.
b - a +0 quarterstaff (weapon)
The orc hits you with a +0 whip.
You hit the orc but do no damage. The orc hits you with a +0 whip.
You hit the orc.
The orc is severely wounded.
The orc closely misses you.
You completely miss the orc. You bite the orc.
You kill the orc!
Sif Muna accepts your kill. The orc hits you with a +0 falchion.
You hit the orc. Your bite misses the orc.
The orc is severely wounded.
The orc closely misses you.
You hit the orc but do no damage. You bite the orc, but do no damage.
The orc is severely wounded.
The orc hits you with a +0 falchion.
You hit the orc.
The orc is almost dead.
The orc hits you with a +0 falchion! The orc hits you with a +0 falchion.
* * * LOW HITPOINT WARNING * * *
You closely miss the orc. You bite the orc, but do no damage.
The orc is almost dead.
The orc hits you with a +0 falchion.
* * * LOW HITPOINT WARNING * * *
You hit the orc but do no damage.
The orc is almost dead.
The orc hits you with a +0 falchion.
* * * LOW HITPOINT WARNING * * *
You hit the orc.
You kill the orc!
Sif Muna accepts your kill. The quokka barely misses you.
Training target 6.0 for Short Blades reached!
Your Short Blades skill increases to level 6!
You closely miss the quokka. The quokka closely misses you.
The quokka bites you.
You die...

... ... ... ..... ... ...
#.# ... .# #.# #.# .# . #.#
#.# #.# .# #.#
####.###.##.# #@#
#...........#
########r###....<.....#
#..........#..........#
#.....)....#..........#
#.....)....#..........###
###........................
......)......#.........####
##..........###.........#
#..........# #......##.#


You could see a quokka.

Vanquished Creatures
  An ice beast (D:5)
  A bullfrog (D:5)
  2 scorpions
  A jelly (D:5)
  An orc priest (D:4)
  3 iguanas
  2 adders (D:3)
  2 dart slugs
  12 orcs
  A ball python (D:1)
  4 endoplasms
  A goblin (D:2)
  A bat (D:3)
  A frilled lizard (D:2)
  A rat (D:2)
34 creatures vanquished.

Notes
Turn   | Place    | Note
-------+----------+-------------------------------------------
     0 | D:5      | Spectrina the Vampire Delver began the quest for the Orb.
     0 | D:5      | Reached XP level 1. HP: 17/17 MP: 1/1
    18 | D:6      | Found a shimmering blue altar of Sif Muna.
    22 | D:6      | Noticed an iguana
    34 | D:6      | Noticed a scorpion
    36 | D:6      | Noticed an iguana
    46 | D:6      | Killed a scorpion
    47 | D:6      | Reached skill level 8 in Stealth
    47 | D:6      | Reached XP level 2. HP: 6/18 MP: 2/2
    47 | D:6      | Gained mutation: You are afflicted with vampirism and can
                  | become a bat while bloodless. [Vampire growth]
    47 | D:6      | Reached XP level 3. HP: 7/22 MP: 3/3
    55 | D:6      | Reached XP level 4. HP: 12/27 MP: 4/4
    57 | D:6      | Became a worshipper of Sif Muna the Loreminder
    76 | D:6      | HP: 1/27 [iguana (3)]
   185 | D:5      | Reached skill level 9 in Stealth
   185 | D:5      | Reached XP level 5. HP: 10/31 MP: 5/5
   192 | D:5      | Noticed a black bear
   228 | D:4      | Noticed Menkaure
   318 | D:4      | Noticed Eustachio
   354 | D:5      | Noticed an ice beast
   377 | D:5      | Killed an ice beast
   378 | D:5      | Reached skill level 5 in Short Blades
   405 | D:5      | Reached skill level 10 in Stealth
   405 | D:5      | Reached XP level 6. HP: 11/36 MP: 6/6
   471 | D:5      | Found a staircase to the Ecumenical Temple.
  1059 | D:4      | Slain by a quokka

Illustrated notes

Levels and vault maps discovered:
D:1:      minmay_arrival_four_houses, layout_basic,
          nicolae_ecumenical_snake_handling, minmay_lizard_pond
D:2:      layout_basic, minmay_misc_feat_room, minmay_tetromino_i4, uniq_natasha
D:3:      layout_basic, serial_glass, glass_columns_b, glass_columns_b,
          glass_columns_c, glass_columns_b, glass_columns_c, glass_columns_b,
          glass_columns_c, glass_columns_a, glass_columns_a, glass_columns_b,
          uniq_grinder, uniq_sigmund
D:4:      cheibrodos_greedy_goblins, layout_basic, lemuel_crystal_altar,
          uniq_menkaure, uniq_pikel, uniq_eustachio
D:5:      layout_basic, minmay_temple_entry_glassed_door, nrook_pool_corridor,
          ebering_dispersal_statue_hall, kennysheep_generic_room_10
D:6:      layout_gridville, mainiacjoe_overflow_alcove_4,
          mainiacjoe_overflow_cross_hatched, ebering_ghost_sewer_d,
          minivault_26, uniq_prince_ribbit1

Skill      XL: |  1  2  3  4  5  6 |
---------------+-------------------+-----
Short Blades   | 3 4 5 6 |  6.0
Stealth        | 8 9 10 | 10.7
Fighting       | |  2.6
Dodging        | |  2.1

Action                   |  1- 3 |  4- 6 || total
-------------------------+-------+-------++-------
Melee: Short sword       |     9 |    42 ||    51
       Bite              |     1 |     8 ||     9
       Quarterstaff      |       |    25 ||    25
       Dagger            |       |    13 ||    13
 Abil: Exsanguinate      |     1 |       ||     1
  Use: Potion            |     1 |       ||     1
       Scroll            |       |     1 ||     1
 Stab: Sleeping          |     2 |    21 ||    23
Armor: Leather armour    |     1 |     4 ||     5
Dodge: Dodged            |     3 |    22 ||    25

Table legend: (Time is in decaauts)
 A = Elapsed time spent in this place.
 B = Non-inter-level travel time spent in this place.
 C = Inter-level travel time spent in this place.
 D = Time resting spent in this place.
 E = Time spent auto-exploring this place.
 F = Levels seen in this place.
 G = Mean time per level.
                   A        B        C        D        E       F      G
               +--------+--------+--------+--------+--------+-----+--------+
         Total |   1033 |    985 |     48 |      0 |      0 |   6 |  172.2 |
       Dungeon |   1033 |    985 |     48 |      0 |      0 |   6 |  172.2 |
               +--------+--------+--------+--------+--------+-----+--------+

Top non-repeatable levels by time:
     D:5: 535 daAuts
     D:4: 161 daAuts
     D:2: 110 daAuts
     D:3: 98 daAuts
     D:6: 71 daAuts
     D:1: 56 daAuts
